 Dungeon Crawl Stone Soup version 0.31.0-11-ge490571c62 (webtiles) character file.

Game seed: 13038632961560595607

140 Daunt the Slasher (level 5, -2/41 HPs)
             Began as a Human Delver on Jan 27, 2024.
             Slain by a gnoll
             ... wielding a +0 club
              (8 damage)
             ... on level 4 of the Dungeon.
             The game lasted 00:14:29 (3288 turns).

Daunt the Slasher (Human Delver)                    Turns: 3288, Time: 00:14:29

Health: -2/41      AC:  6    Str: 12    XL:     5   Next: 23%
Magic:  5/5        EV: 12    Int: 11    God:
Gold:   281        SH:  0    Dex: 16    Spells: 4/4 levels left

rFire   . . .        B - +0 falchion (holy)
rCold   . . .        (no shield)
rNeg    . . .        v - +1 leather armour {rPois}
rPois   +            (no helmet)
rElec   .            (no cloak)
rCorr   .            C - +0 pair of gloves
SInv    .            w - +0 pair of boots
Will    +....        (no amulet)
Stlth   +++          j - ring of willpower
HPRegen 0.26/turn    o - ring of flight
MPRegen 0.09/turn

%: no passive effects
@: flying
A: explore regen
a: no special abilities


You were on level 4 of the Dungeon.
You visited 1 branch of the dungeon, and saw 5 of its levels.

You collected 281 gold pieces.

Inventory:

Hand Weapons
 a - a +0 falchion
 h - the +2 whip "Sitynuw" {freeze, Dex+4}
   (You found it on level 5 of the Dungeon)

   Dex+4:     It affects your dexterity (+4).
 B - a +0 falchion of holy wrath (weapon)
Missiles
 i - 3 poisoned darts
 n - 6 stones (quivered)
Armour
 b - a +0 leather armour
 v - a +1 leather armour of poison resistance (worn)
 w - a +0 pair of boots (worn)
 C - a +0 pair of gloves (worn)
Jewellery
 j - a ring of willpower (left hand)
 o - a ring of flight (right hand)
 q - a ring of wizardry
Wands
 g - a wand of digging (3)
Scrolls
 c - a scroll of fog
 d - 2 scrolls of identify {unknown}
 e - 3 scrolls of fear
 f - 2 scrolls of amnesia {unknown}
 k - a scroll of immolation {unknown}
 l - 2 scrolls of noise {unknown}
 m - 2 scrolls of revelation
 r - a scroll of teleportation {unknown}
 u - a scroll of summoning {unknown}
 y - a scroll of blinking {unknown}
Potions
 p - 2 potions of heal wounds {unknown}
 s - 3 potions of attraction
 t - a potion of degeneration {unknown}
 x - a potion of curing {unknown}
 z - a potion of haste
 A - a potion of berserk rage {unknown}


   Skills:
 - Level 3.0 Fighting
 + Level 5.1 Long Blades
 - Level 2.1 Dodging
 - Level 5.0 Stealth


You had 4 spell levels left.
You didn't know any spells.
Your spell library was empty.

Dungeon Overview and Level Annotations

Branches:
Dungeon (5/15)
 Temple: D:4-7

Altars:
Nemelex Xobeh
Ru
Vehumet
The Shining One

Shops:
D:4 *

Annotations:
D:2 Sigmund
D:4 Robin


Innate Abilities, Weirdness & Mutations

You regain HP and MP as you explore.


Message History

Found a mace. 2 gnolls come into view.
The gnoll shouts!
The gnoll shouts!
A gnoll comes into view. It is wielding a +0 spear.
The gnoll shouts!
You hit the gnoll but do no damage. The gnoll closely misses you.
You hit the gnoll.
The gnoll is moderately wounded.
The gnoll hits you with a +0 whip! The gnoll misses you.
The gnoll hits you with a +0 whip.
You hit the gnoll.
The gnoll is heavily wounded.
The gnoll hits you with a +0 whip. The gnoll attacks as it pursues you!
The gnoll hits you from afar with a +0 spear.
The gnoll closely misses you. The gnoll attacks as it pursues you!
The gnoll hits you with a +0 club.
You are too injured to fight recklessly!
You hit the gnoll but do no damage. The gnoll misses you.
You hit the gnoll but do no damage.
The gnoll hits you from afar with a +0 spear.
The gnoll barely misses you. The gnoll hits you but does no damage.
You hit the gnoll.
The gnoll is almost dead.
The gnoll hits you with a +0 whip.
You hit the gnoll.
You kill the gnoll!
The gnoll hits you from afar with a +0 spear.
The gnoll hits you with a +0 club.
* * * LOW HITPOINT WARNING * * *
The gnoll hits you with a +0 spear.
* * * LOW HITPOINT WARNING * * *
The gnoll barely misses you.
You see here a +0 whip.
You hit the gnoll.
The gnoll is lightly wounded.
The gnoll barely misses you. The gnoll hits you with a +0 club!
You die...

### #..#.##### #.....##.#
#...).#..#####
.#####.........##.##
...................#
#.#..#......##.....#
#.#.####...........#
....####......>.g####
.....#...##..#..@.#.##
.......>.##.##.##g...#
÷........#.....##....#
#........###......†..#
.##....#..........#..#
......##...####..#...###
.#.....#....###..#..##.#
####.................#.###
.........##..............#


You could see 2 gnolls.

Vanquished Creatures
  A gnoll (D:4)
  6 adders
  2 dart slugs
  2 ribbon worms
  4 ball pythons
  5 bats
  9 endoplasms
  6 goblins
  5 hobgoblins
  5 jackals
  8 quokkas
  3 frilled lizards
  6 kobolds
  A rat (D:2)
63 creatures vanquished.

Notes
Turn   | Place    | Note
-------+----------+-------------------------------------------
     0 | D:5      | Daunt the Human Delver began the quest for the Orb.
     0 | D:5      | Reached XP level 1. HP: 18/18 MP: 1/1
     7 | D:5      | Identified the +2 whip "Sitynuw" {freeze, Dex+4}
     7 | D:5      | Noticed an ogre
    27 | D:5      | Noticed a scorpion
    37 | D:5      | Found a sacrificial altar of Ru.
   204 | D:4      | Noticed Robin
   221 | D:3      | Reached XP level 2. HP: 21/24 MP: 2/2
   355 | D:2      | Noticed Sigmund
   503 | D:2      | Reached XP level 3. HP: 24/29 MP: 3/3
  1151 | D:1      | Reached XP level 4. HP: 35/35 MP: 4/4
  2113 | D:2      | Found a radiant altar of Vehumet.
  2742 | D:3      | Found a glowing golden altar of the Shining One.
  2828 | D:3      | Reached XP level 5. HP: 39/41 MP: 5/5
  2834 | D:3      | Found a sparkling altar of Nemelex Xobeh.
  3100 | D:4      | Found Palir's General Store.
  3218 | D:4      | Reached skill level 5 in Long Blades
  3288 | D:4      | Slain by a gnoll

Illustrated notes

Levels and vault maps discovered:
D:1:      heliophobic_arrival_ceremonial_halls, layout_loops_ring,
          minmay_split_cup_small
D:2:      layout_loops_corners, basic_altar, uniq_sigmund
D:3:      layout_basic, mainiacjoe_overflow_catwalk, amcnicky_altar_gilded
D:4:      layout_cave_pools, serial_shops, kennysheep_mini_moat, uniq_robin
D:5:      layout_cave_pools, nicolae_ru_sacrificial_ziggurat,
          minmay_temple_entry_slanted, serial_library_hellmonk_hallway_a,
          chequers_decorated_corner

Skill      XL: |  1  2  3  4  5 |
---------------+----------------+-----
Long Blades    | 3 4 5 |  5.1
Fighting       | |  3.0
Dodging        | |  2.1
Stealth        | |  5.0

Action                     |  1- 3 |  4- 6 || total
---------------------------+-------+-------++-------
  Melee: Falchion          |   114 |   109 ||   223
         Punch             |     1 |       ||     1
  Throw: Stone             |     4 |     2 ||     6
    Use: Potion            |     2 |       ||     2
   Stab: Sleeping          |     9 |     4 ||    13
         Distracted        |       |     1 ||     1
 Armour: Leather armour    |    68 |    80 ||   148
  Dodge: Dodged            |    70 |    66 ||   136
